[Event "GambitGuide"]
[Site "Internet Chess Club"]
[Date "2014.10.30"]
[Round "1"]
[White "JSBach"]
[Black "Wannabet"]
[Result "1-0"]
[ICCResult "Black resigns"]
[WhiteElo "1662"]
[BlackElo "1429"]
[Opening "Vienna: `Frankenstein-Dracula' variation"]
[ECO "C27"]
[NIC "VG.02"]
[Time "16:19:24"]
[TimeControl "120+12"]

1. e4 e5 2. Nc3 Nf6 3. Bc4 Nxe4 4. Qh5 Nd6 5. Bb3 Nc6 6. Nb5 g6 7. Qf3 f5 8.
Qd5 Qe7 9. Nxc7+ Kd8 10. Nxa8 b6 11. Ba4 Bb7 12. Nxb6 axb6 13. Qb3 b5 14.
Nf3 Kc7 15. Bxb5 Nxb5 16. Qxb5 Bg7 17. a3 Ra8 18. O-O g5 19. d3 g4 20. Bg5
Qe6 21. Nd2 Nd4 22. Qc5+ Bc6 23. f3 Bf8 24. Qc4 Qg6 25. f4 Ra4 26. b4 Ra8
27. Rae1 h6 28. Rxe5 Ne6 29. b5 hxg5 30. bxc6 dxc6 31. Rxe6 {Black resigns}
1-0

[Event "GambitGuide"]
[Site "Internet Chess Club"]
[Date "2014.10.30"]
[Round "1"]
[White "JSBach"]
[Black "fishhead"]
[Result "1-0"]
[ICCResult "Black resigns"]
[WhiteElo "1662"]
[BlackElo "1597"]
[Opening "Vienna: `Frankenstein-Dracula' variation"]
[ECO "C27"]
[NIC "VG.02"]
[Time "16:17:19"]
[TimeControl "120+12"]

1. e4 e5 2. Nc3 Nf6 3. Bc4 Nxe4 4. Qh5 Nd6 5. Bb3 Nc6 6. Nb5 g6 7. Qf3 f5 8.
Qd5 Qe7 9. Nxc7+ Kd8 10. Nxa8 b6 11. Ba4 Bb7 12. Nxb6 axb6 13. Qb3 b5 14.
Nf3 bxa4 15. Qxa4 Bg7 16. d3 Qe6 17. Ng5 Qd5 18. O-O Qd4 19. Qb3 Ke7 20. Nf3
Qc5 21. Be3 Qb5 22. Qxb5 Nxb5 23. Rfe1 d6 24. a4 Nc7 25. Re2 Nd5 26. Bg5+
Kf7 27. Rae1 Ncb4 28. a5 Ba6 29. c4 Nc7 30. Rd1 Rb8 31. g3 Nc6 32. Ra1 h6
33. Bc1 g5 34. Nd2 Nd4 35. Re3 Nc2 36. Rb1 Nxe3 37. fxe3 Rb4 38. e4 f4 39.
Kf2 Ne6 40. Nf3 g4 41. Bd2 Rb3 42. Ne1 h5 43. Bc3 Nc5 44. Rd1 Ne6 45. Rb1
Nd4 46. Bxd4 fxg3+ 47. hxg3 exd4 48. Kg2 Bh6 49. e5 dxe5 50. Kf2 Be3+ 51.
Ke2 Kg6 52. Nc2 Bh6 53. Na1 Rb8 54. b4 e4 55. Nc2 exd3+ 56. Kxd3 Bg7 57. b5
Bc8 58. Nxd4 Ra8 59. a6 Bf8 60. Re1 Bf5+ 61. Nxf5 Kxf5 62. Rf1+ Ke5 63. Rxf8
Rxf8 64. b6 Kd6 65. Kd4 Kc6 66. c5 Rd8+ 67. Kc4 Rd1 68. a7 Rc1+ 69. Kb4 Rb1+
70. Kc3 Ra1 71. Kb2 Ra6 72. Kc3 Kb7 73. Kd4 Ra3 74. Ke4 Rxg3 75. c6+ Ka8 76.
Kd4 Rb3 77. c7 Kb7 78. a8=Q+ {Black resigns} 1-0

[Event "GambitGuide"]
[Site "Internet Chess Club"]
[Date "2014.10.30"]
[Round "1"]
[White "JSBach"]
[Black "mikyoo"]
[Result "1/2-1/2"]
[ICCResult "Game drawn by repetition"]
[WhiteElo "1662"]
[BlackElo "1387"]
[Opening "Vienna: `Frankenstein-Dracula' variation"]
[ECO "C27"]
[NIC "VG.02"]
[Time "16:19:46"]
[TimeControl "120+12"]

1. e4 e5 2. Nc3 Nf6 3. Bc4 Nxe4 4. Qh5 Nd6 5. Bb3 Nc6 6. Nb5 g6 7. Qf3 f5 8.
Qd5 Qe7 9. Nxc7+ Kd8 10. Nxa8 b6 11. Ba4 Ba6 12. Bxc6 dxc6 13. Qb3 Bg7 14.
Nxb6 Kc7 15. Na4 Rb8 16. Qe3 Bb5 17. Qxa7+ Rb7 18. Qa5+ Kd7 19. Nc5+ Kc8 20.
Nxb7 Nxb7 21. Qa8+ Kc7 22. a4 Bc4 23. d3 Bd5 24. f3 e4 25. dxe4 fxe4 26.
Bf4+ Kb6 27. a5+ Kb5 28. Bg5 Qb4+ 29. Bd2 Qe7 30. Bg5 Qb4+ 31. Bd2 Qe7 32.
Bg5 Qb4+ 33. Bd2 Qe7 34. Bg5 Qb4+ 35. Bd2 Qe7 36. Bg5 Qb4+ 37. Bd2 Qe7 38.
Bg5 Qb4+ 39. Bd2 Qe7 40. Bg5 {Game drawn by repetition} 1/2-1/2

[Event "GambitGuide"]
[Site "Internet Chess Club"]
[Date "2014.10.30"]
[Round "1"]
[White "JSBach"]
[Black "Gunny"]
[Result "1-0"]
[ICCResult "Black checkmated"]
[WhiteElo "1662"]
[BlackElo "1060"]
[Opening "Vienna: `Frankenstein-Dracula' variation"]
[ECO "C27"]
[NIC "VG.02"]
[Time "16:21:15"]
[TimeControl "120+12"]

1. e4 e5 2. Nc3 Nf6 3. Bc4 Nxe4 4. Qh5 Nd6 5. Bb3 Nc6 6. Nb5 g6 7. Qf3 f5 8.
Qd5 Qe7 9. Nxc7+ Kd8 10. Nxa8 b6 11. Ba4 Bb7 12. Nxb6 axb6 13. Qb3 Kc7 14.
Ne2 Na5 15. Qg3 f4 16. Qg4 Bc8 17. d4 Nf5 18. dxe5 Qxe5 19. Bxf4 h5 20.
Bxe5+ d6 21. Qe4 Rg8 22. Qd5 Ne7 23. Qxd6+ Kb7 24. Qb8+ Ka6 25. Qa8#
{Black checkmated}
1-0

[Event "GambitGuide"]
[Site "Internet Chess Club"]
[Date "2014.10.30"]
[Round "1"]
[White "JSBach"]
[Black "Wannabet"]
[Result "1-0"]
[ICCResult "Black resigns"]
[WhiteElo "1662"]
[BlackElo "1429"]
[Opening "Vienna: `Frankenstein-Dracula' variation"]
[ECO "C27"]
[NIC "VG.02"]
[Time "16:22:51"]
[TimeControl "120+12"]

1. e4 e5 2. Nc3 Nf6 3. Bc4 Nxe4 4. Qh5 Nd6 5. Bb3 Nc6 6. Nb5 g6 7. Qf3 f5 8.
Qd5 Qe7 9. Nxc7+ Kd8 10. Nxa8 b6 11. Ba4 Bb7 12. Nxb6 axb6 13. Qb3 b5 14.
Ne2 Ba6 15. Qd3 e4 16. Qe3 h5 17. Qb6+ Ke8 18. Qxa6 bxa4 19. Qxa4 Qg5 20.
O-O Ne5 21. Qa8+ Ke7 22. Qd5 f4 23. Nc3 f3 24. Qxd6+ Kxd6 25. Nxe4+ Kc6 26.
Nxg5 fxg2 27. Kxg2 {Black resigns} 1-0

[Event "GambitGuide"]
[Site "Internet Chess Club"]
[Date "2014.10.30"]
[Round "1"]
[White "JSBach"]
[Black "fishhead"]
[Result "1-0"]
[ICCResult "Black resigns"]
[WhiteElo "1662"]
[BlackElo "1597"]
[Opening "Vienna: `Frankenstein-Dracula' variation"]
[ECO "C27"]
[NIC "VG.02"]
[Time "16:22:55"]
[TimeControl "120+12"]

1. e4 e5 2. Nc3 Nf6 3. Bc4 Nxe4 4. Qh5 Nd6 5. Bb3 Nc6 6. Nb5 g6 7. Qf3 f5 8.
Qd5 Qe7 9. Nxc7+ Kd8 10. Nxa8 b6 11. Ba4 Bb7 12. Nxb6 axb6 13. Qb3 b5 14.
Nf3 bxa4 15. Qxa4 Bg7 16. O-O Qe6 17. Re1 Qd5 18. Kf1 Re8 19. Qh4+ Kc7 20.
Qxh7 Qf7 21. Ng5 Qf6 22. Qh4 Ne4 23. Nf3 Qxh4 24. Nxh4 Re6 25. d3 Nc5 26.
Be3 Na4 27. b3 Nc3 28. a3 Nd5 29. Bg5 Nd4 30. Rac1 Bf8 31. b4 Nc3 32. Be3
Kb6 33. Bxd4+ exd4 34. Rxe6+ dxe6 35. Nxg6 Bd6 36. h4 Nb5 37. a4 Nc3 38. Re1
Bd5 39. b5 Nxa4 40. g4 fxg4 41. h5 e5 42. h6 Bg8 43. Nxe5 Kxb5 44. Nxg4 Kb4
45. Nf6 {Black resigns} 1-0

[Event "GambitGuide"]
[Site "Internet Chess Club"]
[Date "2014.10.30"]
[Round "1"]
[White "JSBach"]
[Black "mikyoo"]
[Result "1-0"]
[ICCResult "Black resigns"]
[WhiteElo "1662"]
[BlackElo "1387"]
[Opening "Vienna: `Frankenstein-Dracula' variation"]
[ECO "C27"]
[NIC "VG.02"]
[Time "16:23:49"]
[TimeControl "120+12"]

1. e4 e5 2. Nc3 Nf6 3. Bc4 Nxe4 4. Qh5 Nd6 5. Bb3 Nc6 6. Nb5 g6 7. Qf3 f5 8.
Qd5 Qe7 9. Nxc7+ Kd8 10. Nxa8 b6 11. Ba4 Bb7 12. Nxb6 axb6 13. Qb3 b5 14.
Nf3 bxa4 15. Qxa4 e4 16. Nd4 Nxd4 17. Qxd4 Bg7 18. Qa7 Kc7 19. a4 Ra8 20.
Qe3 Nc4 21. Qb3 Bd5 22. O-O Ne3 23. Qxe3 {Black resigns} 1-0

[Event "GambitGuide"]
[Site "Internet Chess Club"]
[Date "2014.10.30"]
[Round "1"]
[White "JSBach"]
[Black "attack2mateU"]
[Result "0-1"]
[ICCResult "White checkmated"]
[WhiteElo "1662"]
[BlackElo "2656"]
[Opening "Vienna: `Frankenstein-Dracula' variation"]
[ECO "C27"]
[NIC "VG.02"]
[Time "16:24:19"]
[TimeControl "120+12"]

1. e4 e5 2. Nc3 Nf6 3. Bc4 Nxe4 4. Qh5 Nd6 5. Bb3 Nc6 6. Nb5 g6 7. Qf3 f5 8.
Qd5 Qe7 9. Nxc7+ Kd8 10. Nxa8 b6 11. Ba4 Bb7 12. Nxb6 axb6 13. Qb3 Kc7 14.
Ne2 Bg7 15. Nc3 Nd4 16. Nd5+ Bxd5 17. Qxd5 b5 18. Bb3 Qh4 19. Qc5+ Nc6 20.
Bd5 Ne4 21. Qe3 Bh6 22. Qf3 Nd4 23. Qd3 Qxf2+ 24. Kd1 Qxg2 25. Bxe4 fxe4 26.
Qf1 Qg4+ 27. Ke1 Nf3+ 28. Kf2 Rf8 29. d3 Nd4+ 30. Bf4 Qxf4+ 31. Kg1 Qe3+ 32.
Kg2 Rxf1 33. Raxf1 exd3 34. cxd3 Ne2 35. Rf3 Nf4+ 36. Kg3 Ne2+ 37. Kg2 Qg5+
38. Kf2 Nd4 39. Rh3 Qd2+ 40. Kg3 Bf4+ 41. Kg4 Qg2+ 42. Rg3 Bxg3 43. Rc1+ Kd6
44. hxg3 h5+ 45. Kg5 Qxg3+ 46. Kf6 h4 47. Rc3 h3 48. Kg7 h2 49. Rc1 Qg1 50.
Rxg1 hxg1=Q 51. a4 bxa4 52. Kg8 g5 53. Kh7 g4 54. Kg7 g3 55. Kg6 g2 56. Kg7
Qf2 57. b4 g1=Q+ 58. Kh8 a3 59. b5 a2 60. b6 a1=Q 61. Kh7 Ne6 62. Kh8 Nf8
63. d4 exd4 64. b7 Ke7 65. b8=Q d3+ 66. Qb2 Qaxb2# {White checkmated} 0-1

[Event "GambitGuide"]
[Site "Internet Chess Club"]
[Date "2014.10.30"]
[Round "1"]
[White "JSBach"]
[Black "MikeSno"]
[Result "0-1"]
[ICCResult "White checkmated"]
[WhiteElo "1662"]
[BlackElo "1288"]
[Opening "Vienna: `Frankenstein-Dracula' variation"]
[ECO "C27"]
[NIC "VG.02"]
[Time "16:19:49"]
[TimeControl "120+12"]

1. e4 e5 2. Nc3 Nf6 3. Bc4 Nxe4 4. Qh5 Nd6 5. Bb3 Nc6 6. Nb5 g6 7. Qf3 f5 8.
Qd5 Qe7 9. Nxc7+ Kd8 10. Nxa8 b6 11. Ba4 Nd4 12. f4 Bb7 13. Qxe5 Qxe5+ 14.
fxe5 Bxg2 15. exd6 Bxh1 16. c3 Nc6 17. d4 Bxd6 18. Bg5+ Kc8 19. Ne2 Be4 20.
Bf6 Rf8 21. Bg7 Rf7 22. Bh6 Kb7 23. Bb3 Re7 24. d5 Na5 25. Bg5 Re8 26. Nxb6
axb6 27. Bd1 Bxh2 28. Ba4 Bd3 29. Bd1 f4 30. Kf2 f3 31. Nc1 Be4 32. Bxf3 Rf8
33. Kg2 Bxf3+ 34. Kxh2 Rf5 35. Be7 Bxd5 36. Rb1 Nc4 37. Nd3 Ne3 38. Nc1 Rf2+
39. Kg3 Rf1 40. Bg5 Nf5+ 41. Kh3 Bf3 42. Bf4 g5 43. Nd3 g4+ 44. Kh2 Rxb1 45.
Bc1 Be4 46. b3 Bxd3 47. Ba3 h5 48. c4 h4 49. Kg2 h3+ 50. Kh2 Ra1 51. Bb4
Rxa2+ 52. Bd2 Rxd2+ 53. Kh1 Nh4 54. c5 Nf3 55. c6+ dxc6 56. b4 Rh2#
{White checkmated}
0-1

[Event "GambitGuide"]
[Site "Internet Chess Club"]
[Date "2014.10.30"]
[Round "1"]
[White "JSBach"]
[Black "moonpro"]
[Result "1-0"]
[ICCResult "Black resigns"]
[WhiteElo "1662"]
[BlackElo "1811"]
[Opening "Vienna: `Frankenstein-Dracula' variation"]
[ECO "C27"]
[NIC "VG.02"]
[Time "16:26:17"]
[TimeControl "120+12"]

1. e4 e5 2. Nc3 Nf6 3. Bc4 Nxe4 4. Qh5 Nd6 5. Bb3 Nc6 6. Nb5 g6 7. Qf3 f5 8.
Qd5 Qe7 9. Nxc7+ Kd8 10. Nxa8 b6 11. Ba4 Bb7 12. Nxb6 axb6 13. Qb3 Kc7 14.
Ne2 Bg7 15. Nc3 Nd4 16. Nd5+ Bxd5 17. Qxd5 b5 18. Bb3 Nxb3 19. axb3 Rb8 20.
Ra6 Qe6 21. Qc5+ Kd8 22. Rxd6 Qe7 23. d3 Bf8 24. Bh6 Qxd6 25. Bxf8 Qxc5 26.
Bxc5 Rc8 27. b4 d6 28. Bxd6 Rxc2 29. O-O Rxb2 30. Re1 Rb3 31. f3 Rxd3 32.
Bxe5 Kd7 33. Re2 Rb3 34. Rb2 {Black resigns} 1-0

[Event "GambitGuide"]
[Site "Internet Chess Club"]
[Date "2014.10.30"]
[Round "1"]
[White "JSBach"]
[Black "mikyoo"]
[Result "1-0"]
[ICCResult "Black resigns"]
[WhiteElo "1662"]
[BlackElo "1387"]
[Opening "Vienna: `Frankenstein-Dracula' variation"]
[ECO "C27"]
[NIC "VG.02"]
[Time "16:25:56"]
[TimeControl "120+12"]

1. e4 e5 2. Nc3 Nf6 3. Bc4 Nxe4 4. Qh5 Nd6 5. Bb3 Nc6 6. Nb5 g6 7. Qf3 f5 8.
Qd5 Qe7 9. Nxc7+ Kd8 10. Nxa8 b6 11. Ba4 Bb7 12. Nxb6 axb6 13. Qb3 b5 14.
Nf3 bxa4 15. Qxa4 Bg7 16. O-O Kc7 17. Re1 Ra8 18. Qb3 Qe6 19. Qxe6 dxe6 20.
Re3 e4 21. Ng5 Kd7 22. Nxh7 Nf7 23. Rb3 Na5 24. Rb5 Bc6 25. Rb6 Rh8 26. Ra6
Nb7 27. d4 Rxh7 28. c3 e5 29. d5 Bh6 30. dxc6+ Kc7 31. cxb7 Kxb7 32. Rxg6
Bxc1 33. Rxc1 {Black resigns} 1-0

[Event "GambitGuide"]
[Site "Internet Chess Club"]
[Date "2014.10.30"]
[Round "1"]
[White "JSBach"]
[Black "drlunkentusz"]
[Result "1-0"]
[ICCResult "Black resigns"]
[WhiteElo "1662"]
[BlackElo "1708"]
[Opening "Vienna: `Frankenstein-Dracula' variation"]
[ECO "C27"]
[NIC "VG.02"]
[Time "16:27:31"]
[TimeControl "120+12"]

1. e4 e5 2. Nc3 Nf6 3. Bc4 Nxe4 4. Qh5 Nd6 5. Bb3 Nc6 6. Nb5 g6 7. Qf3 f5 8.
Qd5 Qe7 9. Nxc7+ Kd8 10. Nxa8 b6 11. Ba4 Bb7 12. Nxb6 axb6 13. Qb3 Kc7 14.
Ne2 Bh6 15. Qd3 Ra8 16. Bb3 e4 17. Qc3 Nb5 18. Qc4 Nd6 19. Qc3 Nb5 20. Qc4
Nd6 21. Qc3 Ra5 22. d4 Bg7 23. Bf4 g5 24. Bc1 Qf6 25. Be3 Nb5 26. Qc4 Kb8
27. Qg8+ Ka7 28. Rd1 f4 29. Bd2 Ra6 30. Bc4 Qf5 31. Qxg7 Ncxd4 32. Nxd4 Nxd4
33. Qxd4 e3 34. fxe3 fxe3 35. Bxe3 Bxg2 36. Qxd7+ Qxd7 37. Rxd7+ Kb8 38.
Bxa6 {Black resigns} 1-0

[Event "GambitGuide"]
[Site "Internet Chess Club"]
[Date "2014.10.30"]
[Round "1"]
[White "JSBach"]
[Black "CairnTerrier"]
[Result "1-0"]
[ICCResult "Black resigns"]
[WhiteElo "1662"]
[BlackElo "1232"]
[Opening "Vienna: `Frankenstein-Dracula' variation"]
[ECO "C27"]
[NIC "VG.02"]
[Time "16:25:59"]
[TimeControl "120+12"]

1. e4 e5 2. Nc3 Nf6 3. Bc4 Nxe4 4. Qh5 Nd6 5. Bb3 Nc6 6. Nb5 g6 7. Qf3 f5 8.
Qd5 Qe7 9. Nxc7+ Kd8 10. Nxa8 b6 11. Ba4 Bb7 12. Nxb6 axb6 13. Qb3 Kc7 14.
Ne2 Nd4 15. Nxd4 exd4+ 16. Kf1 Ba6+ 17. d3 g5 18. Qb4 f4 19. Qxd4 Nf5 20.
Qxh8 Nd4 21. Qxd4 Kb7 22. Bxd7 Qb4 23. Qd5+ Ka7 24. Qxg5 Qd6 25. Qxf4 Qxd7
26. Qxf8 h5 27. Ke2 Qg4+ 28. Qf3 Qe6+ 29. Be3 Qd6 30. Qxh5 Qc7 31. c3 Qc6
32. Qf7+ Bb7 33. g4 Qb5 34. Rab1 Qa4 35. Bd4 Qc2+ 36. Ke3 Qa4 37. h4 Qc6 38.
g5 Ka6 39. Qc4+ Ka7 40. Qxc6 Bxc6 41. g6 {Black resigns} 1-0

[Event "GambitGuide"]
[Site "Internet Chess Club"]
[Date "2014.10.30"]
[Round "1"]
[White "JSBach"]
[Black "Lyko"]
[Result "1-0"]
[ICCResult "Black resigns"]
[WhiteElo "1662"]
[BlackElo "1205"]
[Opening "Vienna: `Frankenstein-Dracula' variation"]
[ECO "C27"]
[NIC "VG.02"]
[Time "16:26:49"]
[TimeControl "120+12"]

1. e4 e5 2. Nc3 Nf6 3. Bc4 Nxe4 4. Qh5 Nd6 5. Bb3 Nc6 6. Nb5 g6 7. Qf3 f5 8.
Qd5 Qe7 9. Nxc7+ Kd8 10. Nxa8 b6 11. Ba4 Bb7 12. Nxb6 axb6 13. Qb3 Kc7 14.
Ne2 Qe6 15. Qxe6 dxe6 16. d3 Bg7 17. Be3 Ra8 18. Bxc6 Bxc6 19. Rg1 e4 20. d4
Nc4 21. Bf4+ e5 22. b3 exf4 23. bxc4 Ba4 24. Nxf4 Kd6 25. c3 g5 26. Nh5 Bh6
27. Nf6 b5 28. c5+ Ke6 29. Nh5 f4 30. Ke2 Kf7 31. d5 Kg6 32. g4 f3+ 33. Ke3
Re8 34. d6 b4 35. cxb4 Kf7 36. Rgc1 Ke6 37. Kxe4 Kd7+ 38. Kxf3 Kc6 39. Ng3
Bg7 40. Rab1 Rf8+ 41. Nf5 Kd5 42. c6 Bxc6 43. Rc5+ {Black resigns} 1-0

[Event "GambitGuide"]
[Site "Internet Chess Club"]
[Date "2014.10.30"]
[Round "1"]
[White "JSBach"]
[Black "CairnTerrier"]
[Result "1-0"]
[ICCResult "Black resigns"]
[WhiteElo "1662"]
[BlackElo "1232"]
[Opening "Vienna: `Frankenstein-Dracula' variation"]
[ECO "C27"]
[NIC "VG.02"]
[Time "16:29:50"]
[TimeControl "120+12"]

1. e4 e5 2. Nc3 Nf6 3. Bc4 Nxe4 4. Qh5 Nd6 5. Bb3 Nc6 6. Nb5 g6 7. Qf3 f5 8.
Qd5 Qe7 9. Nxc7+ Kd8 10. Nxa8 b6 11. Ba4 Bb7 12. Nxb6 axb6 13. Qb3 Kc7 14.
Ne2 Ba6 15. Nc3 Nd4 16. Nd5+ {Black resigns} 1-0

[Event "GambitGuide"]
[Site "Internet Chess Club"]
[Date "2014.10.30"]
[Round "1"]
[White "JSBach"]
[Black "mikyoo"]
[Result "1-0"]
[ICCResult "Black checkmated"]
[WhiteElo "1662"]
[BlackElo "1387"]
[Opening "Vienna: `Frankenstein-Dracula' variation"]
[ECO "C27"]
[NIC "VG.02"]
[Time "16:28:18"]
[TimeControl "120+12"]

1. e4 e5 2. Nc3 Nf6 3. Bc4 Nxe4 4. Qh5 Nd6 5. Bb3 Nc6 6. Nb5 g6 7. Qf3 f5 8.
Qd5 Qe7 9. Nxc7+ Kd8 10. Nxa8 b6 11. Ba4 Bb7 12. Nxb6 axb6 13. Qb3 b5 14.
Nf3 bxa4 15. Qxa4 Kc7 16. O-O Bg7 17. Re1 Ra8 18. Qb3 e4 19. d3 Qf6 20. Ng5
h6 21. Nh7 Qd8 22. Bf4 Qh8 23. dxe4 fxe4 24. Bxd6+ Kxd6 25. Qxb7 Rb8 26.
Rad1+ Ke5 27. Qc7+ Kf5 28. Qxd7+ Ke5 29. Qd5+ Kf4 30. Qxe4# {Black
checkmated} 1-0

[Event "GambitGuide"]
[Site "Internet Chess Club"]
[Date "2014.10.30"]
[Round "1"]
[White "JSBach"]
[Black "drlunkentusz"]
[Result "1-0"]
[ICCResult "Black resigns"]
[WhiteElo "1662"]
[BlackElo "1708"]
[Opening "Vienna: `Frankenstein-Dracula' variation"]
[ECO "C27"]
[NIC "VG.02"]
[Time "16:29:36"]
[TimeControl "120+12"]

1. e4 e5 2. Nc3 Nf6 3. Bc4 Nxe4 4. Qh5 Nd6 5. Bb3 Nc6 6. Nb5 g6 7. Qf3 f5 8.
Qd5 Qe7 9. Nxc7+ Kd8 10. Nxa8 b6 11. Ba4 Bb7 12. Nxb6 axb6 13. Qb3 Kc7 14.
Ne2 Qe6 15. Qxe6 dxe6 16. d3 b5 17. Bb3 Kd7 18. f3 Bg7 19. c3 e4 20. dxe4
fxe4 21. fxe4 Nxe4 22. O-O Ke7 23. Nf4 Nc5 24. Bc2 Rd8 25. Be3 Na6 26. a4
bxa4 27. Rxa4 e5 28. Nxg6+ hxg6 29. Bg5+ Ke8 30. Bxg6+ {Black resigns} 1-0

[Event "GambitGuide"]
[Site "Internet Chess Club"]
[Date "2014.10.30"]
[Round "1"]
[White "JSBach"]
[Black "fishhead"]
[Result "1-0"]
[ICCResult "Black resigns"]
[WhiteElo "1662"]
[BlackElo "1597"]
[Opening "Vienna: `Frankenstein-Dracula' variation"]
[ECO "C27"]
[NIC "VG.02"]
[Time "16:31:05"]
[TimeControl "120+12"]

1. e4 e5 2. Nc3 Nf6 3. Bc4 Nxe4 4. Qh5 Nd6 5. Bb3 Nc6 6. Nb5 g6 7. Qf3 f5 8.
Qd5 Qe7 9. Nxc7+ Kd8 10. Nxa8 b6 11. Ba4 Bb7 12. Nxb6 axb6 13. Qb3 b5 14. d3
bxa4 15. Qxa4 Nd4 16. Kf1 Bc6 17. Qa5+ Ke8 18. Qc5 Nb7 19. Qxe7+ Bxe7 20. c3
Ne6 21. b4 d5 22. Nf3 Bf6 23. a4 e4 24. b5 Bd7 25. Ne1 Bxc3 26. Ra3 Ba5 27.
Bb2 Rg8 28. Be5 Nec5 29. d4 Ne6 30. Re3 Nd6 31. Bxd6 {Black resigns} 1-0

[Event "GambitGuide"]
[Site "Internet Chess Club"]
[Date "2014.10.30"]
[Round "1"]
[White "JSBach"]
[Black "CairnTerrier"]
[Result "1-0"]
[ICCResult "Black resigns"]
[WhiteElo "1662"]
[BlackElo "1232"]
[Opening "Vienna: `Frankenstein-Dracula' variation"]
[ECO "C27"]
[NIC "VG.02"]
[Time "16:30:49"]
[TimeControl "120+12"]

1. e4 e5 2. Nc3 Nf6 3. Bc4 Nxe4 4. Qh5 Nd6 5. Bb3 Nc6 6. Nb5 g6 7. Qf3 f5 8.
Qd5 Qe7 9. Nxc7+ Kd8 10. Nxa8 b6 11. Ba4 Bb7 12. Nxb6 axb6 13. Qb3 Kc7 14.
Ne2 g5 15. Rb1 f4 16. Rg1 e4 17. Qd5 Nb4 18. Qd4 f3 19. Qxb4 e3 20. Qc3+ Kb8
21. gxf3 exf2+ 22. Kxf2 Rg8 23. Qb3 Rg6 24. Nd4 Rf6 25. Qe3 Qf7 26. Qb3 Qe7
27. Kg2 g4 28. Qxb6 gxf3+ 29. Kh1 f2+ 30. Nc6+ Kc8 31. Qxb7+ Nxb7 32. Nxe7+
Bxe7 33. Rf1 Bc5 34. b4 Bb6 35. Bb2 Rg6 36. d4 Nd6 37. Rxf2 Ne4 38. Rf7 Nd2
39. Bxd7+ Kd8 40. Rg1 Bxd4 41. Bxd4 {Black resigns} 1-0

[Event "GambitGuide"]
[Site "Internet Chess Club"]
[Date "2014.10.30"]
[Round "1"]
[White "JSBach"]
[Black "fishhead"]
[Result "1-0"]
[ICCResult "Black resigns"]
[WhiteElo "1662"]
[BlackElo "1597"]
[Opening "Vienna: `Frankenstein-Dracula' variation"]
[ECO "C27"]
[NIC "VG.02"]
[Time "16:32:36"]
[TimeControl "120+12"]

1. e4 e5 2. Nc3 Nf6 3. Bc4 Nxe4 4. Qh5 Nd6 5. Bb3 Nc6 6. Nb5 g6 7. Qf3 f5 8.
Qd5 Qe7 9. Nxc7+ Kd8 10. Nxa8 b6 11. Ba4 Bb7 12. Nxb6 axb6 13. Qb3 b5 14.
Nf3 bxa4 15. Qxa4 Bg7 16. d3 Kc7 17. Bg5 Bf6 18. Be3 Ra8 19. Qb3 Kd8 20.
Bb6+ Ke8 21. Bc5 Qe6 22. Qxe6+ {Black resigns} 1-0

[Event "GambitGuide"]
[Site "Internet Chess Club"]
[Date "2014.10.30"]
[Round "1"]
[White "JSBach"]
[Black "drlunkentusz"]
[Result "1-0"]
[ICCResult "Black resigns"]
[WhiteElo "1662"]
[BlackElo "1708"]
[Opening "Vienna: `Frankenstein-Dracula' variation"]
[ECO "C27"]
[NIC "VG.02"]
[Time "16:31:15"]
[TimeControl "120+12"]

1. e4 e5 2. Nc3 Nf6 3. Bc4 Nxe4 4. Qh5 Nd6 5. Bb3 Nc6 6. Nb5 g6 7. Qf3 f5 8.
Qd5 Qe7 9. Nxc7+ Kd8 10. Nxa8 b6 11. Ba4 Nb4 12. Qb3 Ne4 13. d3 Nc5 14. Qc4
Ba6 15. Bb5 Bxb5 16. Qc3 Nbxd3+ 17. cxd3 Nxd3+ 18. Kd2 Bh6+ 19. Kc2 Bg7 20.
Qc7+ Ke8 21. Nh3 Kf7 22. a4 Ba6 23. Qxa7 Rc8+ 24. Kb1 Nb4 25. Ng5+ Kg8 26.
Ra3 h6 27. Nxb6 hxg5 28. Nxc8 Bxc8 29. Qb8 Qf8 30. Rc3 Ba6 31. Qxf8+ Bxf8
32. Rd1 d5 33. Bxg5 d4 34. Rc7 e4 35. Rxd4 {Black resigns} 1-0

[Event "GambitGuide"]
[Site "Internet Chess Club"]
[Date "2014.10.30"]
[Round "1"]
[White "JSBach"]
[Black "CairnTerrier"]
[Result "1-0"]
[ICCResult "Black resigns"]
[WhiteElo "1662"]
[BlackElo "1232"]
[Opening "Vienna: `Frankenstein-Dracula' variation"]
[ECO "C27"]
[NIC "VG.02"]
[Time "16:33:12"]
[TimeControl "120+12"]

1. e4 e5 2. Nc3 Nf6 3. Bc4 Nxe4 4. Qh5 Nd6 5. Bb3 Nc6 6. Nb5 g6 7. Qf3 f5 8.
Qd5 Qe7 9. Nxc7+ Kd8 10. Nxa8 b6 11. Ba4 Bb7 12. Nxb6 axb6 13. Qb3 Kc7 14.
Ne2 Bg7 15. a3 Re8 16. Nc3 e4 17. Nd5+ {Black resigns} 1-0

[Event "GambitGuide"]
[Site "Internet Chess Club"]
[Date "2014.10.30"]
[Round "1"]
[White "JSBach"]
[Black "mikyoo"]
[Result "1-0"]
[ICCResult "Black resigns"]
[WhiteElo "1662"]
[BlackElo "1387"]
[Opening "Vienna: `Frankenstein-Dracula' variation"]
[ECO "C27"]
[NIC "VG.02"]
[Time "16:30:47"]
[TimeControl "120+12"]

1. e4 e5 2. Nc3 Nf6 3. Bc4 Nxe4 4. Qh5 Nd6 5. Bb3 Nc6 6. Nb5 g6 7. Qf3 f5 8.
Qd5 Qe7 9. Nxc7+ Kd8 10. Nxa8 b6 11. Ba4 Bg7 12. Bxc6 dxc6 13. Qb3 Be6 14.
Qa4 Qb7 15. Qb4 Nb5 16. a4 Qa6 17. Rb1 Nd4 18. Qd6+ Bd7 19. c3 Ne6 20. Nf3
Qc4 21. d3 Qd5 22. Qb8+ Ke7 23. Qxa7 e4 24. Nxb6 Qxd3 25. Nd4 Rd8 26. Nxc6+
Ke8 27. Nxd8 Nxd8 28. Qxd7+ Qxd7 29. Nxd7 Kxd7 30. a5 {Black resigns} 1-0

[Event "GambitGuide"]
[Site "Internet Chess Club"]
[Date "2014.10.30"]
[Round "1"]
[White "JSBach"]
[Black "CairnTerrier"]
[Result "1-0"]
[ICCResult "Black resigns"]
[WhiteElo "1662"]
[BlackElo "1232"]
[Opening "Vienna: `Frankenstein-Dracula' variation"]
[ECO "C27"]
[NIC "VG.02"]
[Time "16:33:55"]
[TimeControl "120+12"]

1. e4 e5 2. Nc3 Nf6 3. Bc4 Nxe4 4. Qh5 Nd6 5. Bb3 Nc6 6. Nb5 g6 7. Qf3 f5 8.
Qd5 Qe7 9. Nxc7+ Kd8 10. Nxa8 b6 11. Ba4 Bb7 12. Nxb6 axb6 13. Qb3 Kc7 14.
Ne2 Bg7 15. Nc3 Nd4 16. Nd5+ Bxd5 17. Qxd5 Re8 18. c3 Nc6 19. d3 e4 20. d4
f4 21. Bxf4 e3 22. fxe3 Na5 23. b4 Nb7 24. O-O Nd8 25. e4 Ne6 26. Bg3 Ng5
27. Bxd6+ Qxd6 28. Qxg5 Rxe4 29. Qb5 Re3 30. Rf7 Rxc3 31. Rxd7+ Qxd7 32.
Qxd7+ {Black resigns} 1-0

[Event "GambitGuide"]
[Site "Internet Chess Club"]
[Date "2014.10.30"]
[Round "1"]
[White "JSBach"]
[Black "fishhead"]
[Result "1/2-1/2"]
[ICCResult "Game drawn because neither player has mating material"]
[WhiteElo "1662"]
[BlackElo "1597"]
[Opening "Vienna: `Frankenstein-Dracula' variation"]
[ECO "C27"]
[NIC "VG.02"]
[Time "16:33:23"]
[TimeControl "120+12"]

1. e4 e5 2. Nc3 Nf6 3. Bc4 Nxe4 4. Qh5 Nd6 5. Bb3 Nc6 6. Nb5 g6 7. Qf3 f5 8.
Qd5 Qe7 9. Nxc7+ Kd8 10. Nxa8 b6 11. Ba4 Bb7 12. Nxb6 axb6 13. Qb3 b5 14. d3
bxa4 15. Qxa4 Nd4 16. Kf1 Bc6 17. Qa5+ Ke8 18. c3 Nc2 19. Rb1 Qe6 20. b3 Nb7
21. Qc7 Bd6 22. Qc8+ Nd8 23. Bg5 Be7 24. Bxe7 Kxe7 25. Rb2 Na3 26. Re2 d6
27. Qc7+ Qd7 28. Rxe5+ Kf6 29. Qxd7 Bxd7 30. Re1 Nb5 31. Ne2 Re8 32. a4 Nc7
33. Nd4 Nd5 34. Rxe8 Bxe8 35. Ne2 Nb7 36. d4 Na5 37. b4 Nc4 38. a5 Bb5 39.
h4 h6 40. Rh3 g5 41. hxg5+ hxg5 42. Rh6+ Ke7 43. Rh5 Kf6 44. g3 Na3 45. f4
gxf4 46. Rh6+ Ke7 47. Rh7+ Ke6 48. Rh6+ Nf6 49. gxf4 Nb1 50. Rh3 Ne4 51. Ke1
Kd5 52. Ng3 Nxg3 53. Rxg3 Ke4 54. d5 Kxf4 55. Kf2 Ke5 56. Re3+ Kxd5 57. Rf3
Ke5 58. Re3+ Kf6 59. Kg3 Bc6 60. a6 Na3 61. Kf4 Nc4 62. Re2 Nb6 63. Kg3 Be4
64. a7 Ke5 65. Rf2 Kd5 66. Re2 Kc4 67. Re3 d5 68. Kf4 d4 69. a8=Q Nxa8 70.
cxd4 Kxb4 71. Rxe4 fxe4 72. Kxe4 Kc4 73. Ke5 Nb6 74. Ke4 Nd5 75. Ke5 Nc7 76.
Ke4 Nb5 77. d5 Kc5 78. Ke5 Na7 79. Ke6 Nc8 80. Ke5 Kb6 81. Kf6 Kc7 82. Kg7
Kd6 83. Kh8 Kxd5 {Game drawn because neither player has mating material}
1/2-1/2